 Dungeon Crawl Stone Soup version 0.30-a0-956-gcec3b41aec (webtiles) character file.

Game seed: 17070048981203522930

54784 Jackthecabe the Unseen (level 14, -3/75 (86) HPs)
             Began as a Vine Stalker Brigand on Mar 29, 2023.
             Was a High Priest of Ashenzari.
             Slain by an orc knight
             ... wielding a +0 halberd
              (21 damage)
             ... on level 2 of the Orcish Mines.
             The game lasted 00:43:38 (16639 turns).

Jackthecabe the Unseen (Vine Stalker Brigand)      Turns: 16639, Time: 00:43:40

HP:   -3/75 (86)    AC: 25    Str: 14    XL:     14   Next: 74%
MP:   0/5           EV:  9    Int: 15    God:    Ashenzari [*****.]
Gold: 1522          SH: 14    Dex: 21    Spells: 13/13 levels left

rFire   + + .      SeeInvis +    a - +6 quick blade (antimagic)
rCold   + . .      Faith    .    S - +1 kite shield of the Esoteric Oracle {rF+, Melee, Fort} (curse)
rNeg    . . .      Spirit   +    y - +9 chain mail "Secrets of Ashenzari" {rC+ rCorr Stlth+, Melee, Cun} (curse)
rPois   +          Reflect  .    A - +0 helmet of Ashenzari's Mistrust {Alch, Comp} (curse)
rElec   .          Rampage  .    J - +2 cloak "Ruined With Me" {rCorr, Melee, Self} (curse)
rCorr   +          Clarity  +    B - +2 pair of gloves "At What Cost Knowledge?" {Bglg, Range} (curse)
Will    ++...                    z - +0 pair of boots of Cremastomancy {rPois Int+4, Melee, Elem} (curse)
Stlth   +++++                    n - amulet of the Distant Pantheism {Regen+, Evo, Melee} (curse)
HPRegen 1.92/turn                W - ring of Ashenzari's Adversity {Will+, Comp, Evo} (curse)
MPRegen 0.09/turn                F - ring of protection from fire

@: heavily drained
A: fangs 3, regeneration 1, magic shield, antimagic bite, no potion heal 2
a: Renounce Religion, Curse Item, Shatter the Chains


You were on level 2 of the Orcish Mines.
You worshipped Ashenzari.
Ashenzari was extremely pleased with you.
You visited 3 branches of the dungeon, and saw 18 of its levels.
You also visited: Volcano.

You collected 1522 gold pieces.


Innate Abilities, Weirdness & Mutations

You have razor-sharp teeth.
Your natural rate of healing is unusually fast.
When hurt, damage is shared between your health and your magic reserves.
Your bite disrupts and absorbs the magic of your enemies.
Potions cannot restore your health.


   Skills:
 + Level 13.7(15.8) Fighting
 - Level 8.0(14.3) Short Blades
 - Level 6.3(12.9) Long Blades
 - Level 5.0(7.1) Throwing
 - Level 7.2(9.4) Dodging
 - Level 15.9(18.0) Stealth
 - Level 7.8(10.0) Shields
 - Level 2.6(5.1) Evocations


You had 13 spell levels left.
You didn't know any spells.
Your spell library contained the following spells:

 Spells                   Type           Power      Damage    Failure   Level
 Apportation              Tloc           0%         N/A       100%        1
 Necrotise                Necr           4%         1d4       100%        1
 Sandblast                Erth           0%         2d4       100%        1
 Sting                    Tmut/Pois      0%         1d3       100%        1
 Summon Small Mammal      Summ           4%         N/A       100%        1
 Cigotuvi's Dreadful Rot  Necr/Pois/Air  2%         N/A       100%        2
 Lesser Beckoning         Tloc           0%         N/A       100%        2
 Passwall                 Tmut/Erth      0%         N/A       100%        2
 Poisonous Vapours        Pois/Air       0%         N/A       100%        2
 Sublimation of Blood     Necr           1%         N/A       100%        2
 Wereblood                Tmut           0%         N/A       100%        2
 Dazzling Flash           Conj/Hex       0%         N/A       100%        3
 Frozen Ramparts          Ice            0%         1d1       100%        3
 Gell's Gravitas          Tloc           0%         N/A       100%        3
 Ignite Poison            Fire/Tmut/Pois 0%         N/A       100%        3
 Kindle Blastsparks       Fire/Tloc/Air  0%         2d10      100%        3
 Mephitic Cloud           Conj/Pois/Air  0%         N/A       100%        3
 Stone Arrow              Conj/Erth      0%         3d7       100%        3
 Teleport Other           Tloc           0%         N/A       100%        3
 Ice Form                 Ice/Tmut       0%         N/A       100%        4
 Olgreb's Toxic Radiance  Pois           0%         N/A       100%        4
 Summon Ice Beast         Ice/Summ       1%         N/A       100%        4
 Agony                    Necr           1%         N/A       100%        5
 Freezing Cloud           Conj/Ice/Air   0%         6-21      100%        5
 Silence                  Hex/Air        0%         N/A       100%        5
 Summon Forest            Summ/Tloc      0%         N/A       100%        5
 Summon Mana Viper        Hex/Summ       1%         N/A       100%        5
 Summon Cactus Giant      Summ           0%         N/A       100%        6
 Summon Hydra             Summ           0%         N/A       100%        7

Inventory:

Hand Weapons
 a - a +6 antimagic quick blade (weapon)
 b - the +6 long sword "Cuschud Peoch" {flame, Int-2 Dex+8 SInv}
   (You found it on level 6 of the Dungeon)

   Int:       It affects your intelligence (-2).
   Dex:       It affects your dexterity (+8).
   SInv:      It lets you see invisible.
 c - a +1 shortbow of freezing
Missiles
 d - 37 poisoned darts (quivered)
 e - 2 curare-tipped darts {=f}
 E - 5 atropa-tipped darts
Armour
 y - the cursed +9 chain mail "Secrets of Ashenzari" (worn) {rC+ rCorr Stlth+, Melee, Cun}
   (You found it on level 4 of the Dungeon)

   rC:        It protects you from cold.
   rCorr:     It protects you from acid and corrosion.
   Stlth:     It makes you more stealthy.
   It has a curse which improves the following skills: Melee Combat: Short
   Blades, Long Blades, Axes, Maces & Flails, Polearms, Staves and Unarmed
   Combat.
   Cunning:   Dodging and Stealth.
 z - the cursed +0 pair of boots of Cremastomancy (worn) {rPois Int+4, Melee, Elem}
   (You found it on level 5 of the Dungeon)

   Int:       It affects your intelligence (+4).
   rPois:     It protects you from poison.
   It has a curse which improves the following skills: Melee Combat: Short
   Blades, Long Blades, Axes, Maces & Flails, Polearms, Staves and Unarmed
   Combat.
   Elements:  Fire Magic, Ice Magic, Air Magic and Earth Magic.
 A - the cursed +0 helmet of Ashenzari's Mistrust (worn) {Alch, Comp}
   (You found it on level 7 of the Dungeon)

   It has a curse which improves the following skills: Alchemy: Poison Magic and
   Transmutations.
   Companions: Summonings and Necromancy.
 B - the cursed +2 pair of gloves "At What Cost Knowledge?" (worn) {Bglg, Range}
   (You found it on level 6 of the Dungeon)

   It has a curse which improves the following skills: Beguiling: Conjurations,
   Hexes and Translocations.
   Ranged Combat: Ranged Weapons and Throwing.
 J - the cursed +2 cloak "Ruined With Me" (worn) {rCorr, Melee, Self}
   (You took it off Maurice on level 8 of the Dungeon)

   It has a curse which improves the following skills: Melee Combat: Short
   Blades, Long Blades, Axes, Maces & Flails, Polearms, Staves and Unarmed
   Combat.
   Introspection: Fighting and Spellcasting.
 S - the cursed +1 kite shield of the Esoteric Oracle (worn) {rF+, Melee, Fort}
   (You found it in a volcano)

   It has a curse which improves the following skills: Melee Combat: Short
   Blades, Long Blades, Axes, Maces & Flails, Polearms, Staves and Unarmed
   Combat.
   Fortitude: Armour and Shields.
 U - a +2 leather armour of fire resistance
Magical Staves
 Y - a staff of cold {!a}
Jewellery
 n - the cursed amulet of the Distant Pantheism (around neck) {Regen+, Evo, Melee}
   (You found it on level 2 of the Lair of Beasts)

   [amulet of regeneration]

   Regen:     It increases your rate of health regeneration.
   It has a curse which improves the following skills: Evocations: Evocations.
   Melee Combat: Short Blades, Long Blades, Axes, Maces & Flails, Polearms,
   Staves and Unarmed Combat.
 F - a ring of protection from fire (right hand)
 I - a +6 ring of intelligence
 P - a ring of poison resistance
 R - a ring of resist corrosion
 T - a +4 ring of protection
 W - the cursed ring of Ashenzari's Adversity (left hand) {Will+, Comp, Evo}
   (You found it on level 1 of the Dungeon)

   [ring of willpower]

   Will:      It increases your willpower.
   It has a curse which improves the following skills: Companions: Summonings
   and Necromancy.
   Evocations: Evocations.
Wands
 D - a wand of flame (9)
 G - a wand of light (10)
 H - a wand of charming (21)
 L - a wand of digging (5)
 Q - a wand of polymorph (6)
 V - a wand of iceblast (5)
Scrolls
 h - 14 scrolls of teleportation {@r2}
 k - 10 scrolls of identify {@r1}
 l - 5 scrolls of immolation
 o - 2 scrolls of poison
 q - 7 scrolls of amnesia
 r - 2 scrolls of fear
 u - 2 scrolls of vulnerability
 C - a scroll of summoning
 K - 4 scrolls of blinking
 O - 2 scrolls of enchant armour
 X - 4 scrolls of fog
Potions
 f - a potion of ambrosia
 g - 22 potions of curing {@q1}
 i - 3 potions of lignification
 m - 2 potions of haste {@q3}
 p - a potion of might
 s - 3 potions of flight
 t - 2 potions of attraction
 v - a potion of brilliance
 w - 4 potions of degeneration
 x - 3 potions of magic
 M - a potion of invisibility
 N - 4 potions of cancellation
Miscellaneous
 j - a phial of floods

Dungeon Overview and Level Annotations

Branches:
Dungeon (11/15)            Temple (0/1) D:5            Lair (5/5) D:9
 Shoals (0/4) Lair:2        Snake (0/4) Lair:2        Slime (0/5) Lair:5
    Orc (2/2) D:9         Volcano (visited)
    Elf: Orc:2

Altars:
Ashenzari
Cheibriados
Dithmenos
Makhleb
Okawaru
Qazlal
Sif Muna
Uskayaw
Wu Jian
Yredelemnul
Zin
Jiyva

Shops:
D:9 [   Orc:2 =(

Annotations:
D:5 1 runed translucent door
Orc:2 Snorg

#....P......# , , ,, , , ,, *
............#. ,,,,, ..... **
.P.............* ,* ##..... *
P.............** * ** ,.......
,* .......P.....## .......,,
...∩..8..#....# .....#, ,
.........##...### ###.....##**
.........#....#5#####.)....... *
......P......#)5@oooo.........,,
............###.#3oo.4#..PT..P
......####.....5#ooo3.#.......
,, .....##
##......To4...Poo{...,,,
......*#.........o.#..#...{.∩. ,
.....................#.....o.. ,
...., ##..............#......8 ,
.^.. ,........#...........P... ,
.... .........##....... ,, ,,,,


You could see an orc warlord (strong), Snorg, an orc knight (strong), 2 orc high
priests, a hellwing (summoned), an ice devil (summoned), 2 ynoxinuls, 3 orc
warriors, 4 orcs and 3 ufetubi.


Message History

The ynoxinul gestures.
You hit the orc sorcerer.
The orc sorcerer's magic leaks into the air.
The orc sorcerer is severely wounded.
Unknown command.
You hit the orc sorcerer.
The orc sorcerer's magic leaks into the air.
You bite the orc sorcerer, but do no damage.
The orc sorcerer is almost dead.
You block the ufetubus's attack.
The ufetubus hits you but does no damage. x2
You block the ufetubus's attack. You block the orc knight's attack.
The orc high priest invokes the aid of Beogh against you.
Beogh smites you!
* * * LOW HITPOINT WARNING * * *
The orc sorcerer falters for a moment.
You hit the orc sorcerer.
The orc sorcerer's magic leaks into the air.
The orc sorcerer is almost dead.
You block the ynoxinul's attack.
The ufetubus hits you but does no damage.
You block the ufetubus's attack.
Unknown command.
You closely miss the orc sorcerer. You bite the orc sorcerer.
You kill the orc sorcerer!
The ufetubus barely misses you.
The ufetubus hits you but does no damage.
The orc high priest mumbles some strange prayers to Beogh.
The orc knight hits you from afar with a +0 halberd!!
You die...

Skill      XL: |  1  2  3  4  5  6  7  8  9 10 11 12 13 14 |
---------------+-------------------------------------------+-----
Short Blades   | 2 3 4 5 6 8 |  8.0
Fighting       | 4 7 8 9 12 13 | 13.7
Throwing       | 3 5 |  5.0
Stealth        | 7 10 13 15 | 15.9
Long Blades    | 3 6 |  6.3
Dodging        | 3 7 |  7.2
Evocations     | 2 |  2.6
Shields        | 4 7 |  7.8

Action                     |  1- 3 |  4- 6 |  7- 9 | 10-12 | 13-15 || total
---------------------------+-------+-------+-------+-------+-------++-------
  Melee: Dagger            |    65 |   116 |       |       |       ||   181
         Bite              |    11 |    40 |    61 |   377 |   609 ||  1098
         Punch             |     2 |     1 |     1 |     8 |       ||    12
         Whip              |       |    22 |    64 |       |       ||    86
         Long sword        |       |       |   115 |   144 |       ||   259
         Quick blade       |       |       |       |   680 |  1296 ||  1976
  Throw: Dart              |     3 |       |     2 |       |     3 ||     8
 Invoke: Curse Item        |       |       |     3 |     6 |     2 ||    11
         Shatter the Chain |       |       |       |     2 |     1 ||     3
  Evoke: Wand              |       |       |     2 |     6 |       ||     8
    Use: Scroll            |       |       |     7 |     4 |       ||    11
         Potion            |       |       |       |     1 |       ||     1
   Stab: Sleeping          |     9 |     7 |     2 |     6 |    14 ||    38
         Invisible         |       |       |       |     4 |       ||     4
 Armour: Leather armour    |    16 |    25 |       |       |       ||    41
         Chain mail        |       |    13 |    98 |   312 |   314 ||   737
         Robe              |       |     1 |       |       |       ||     1
  Dodge: Dodged            |    22 |    56 |    99 |   266 |   191 ||   634
  Block: Kite shield       |       |       |       |    93 |   494 ||   587

Levels and vault maps discovered:
D:1:      denvon_arrival_planthouse, layout_basic, serial_bayou,
          serial_bayou_pond_e, serial_bayou_pond_e, serial_bayou_lagoon_a,
          serial_bayou_lagoon_b, serial_bayou_pond_e, serial_bayou_pond_a,
          minmay_worlds_worst_comb
D:2:      layout_loops_ring
D:3:      layout_basic, uniq_jessica
D:4:      layout_gridville, old_standard_altar, minmay_misc_feat_five,
          dk_vineyard_2
D:5:      layout_gridville, pdpol_wu_jian_five_deadly_venoms,
          dk_yredelemnul_ordeal, minmay_temple_entry_hall, uniq_eustachio
D:6:      layout_loops_ring, mainiacjoe_overflow_paths,
          kb_lookout_dungeons_type, chequers_serial_rivers_small_3, uniq_edmund
D:7:      nicolae_BIG_FREAKIN_CUBE, layout_gridville
D:8:      layout_layer_cave, mainiacjoe_overflow_alcove_1, cheibriados_altar_1,
          general_overflow_altar, uniq_prince_ribbit1, uniq_pikel, uniq_maurice
D:9:      layout_basic, grunt_temple_overflow_order_and_chaos_2, led_sif_book,
          erik_lair_island, serial_shops, nicolae_take_the_stairs, hive_lemuel
D:10:     layout_roguey, okawaru_trees_2, amethyst_killhole,
          kennysheep_generic_room_8
D:11:     layout_gridville
Lair:1:   layout_hall_layers, hangedman_lair_unloving_vines,
          nicolae_lair_lindhole
Lair:2:   layout_chaotic_city, minmay_shoals_entry_beasts, dummy_snake_entry,
          enter_volcano_3, beast_lair_carwin_8, serial_bayou_shore_b, uniq_urug
Lair:3:   layout_long_grid, serial_bayou_pond_a, infiniplex_staircase_pool_2
Lair:4:   layout_roguey
Lair:5:   cheibrodos_lair_end_hotspot, layout_cave_shapes,
          nicolae_slime_entry_slimehenge
Orc:1:    layout_diamond_mine
Orc:2:    grunt_orc_gardens, layout_diamond_mine, grunt_orc_garden,
          grunt_orc_garden, grunt_orc_garden, grunt_orc_garden,
          hangedman_minor_magic, uniq_saint_roka, uniq_snorg, uniq_sonja

Notes
Turn   | Place    | Note
-------+----------+-------------------------------------------
     0 | D:1      | Jackthecabe the Vine Stalker Brigand began the quest for
                  | the Orb.
     0 | D:1      | Reached XP level 1. HP: 11/11 MP: 2/2
    95 | D:1      | Reached skill level 2 in Short Blades
   276 | D:1      | Reached XP level 2. HP: 15/15 MP: 3/3
   486 | D:1      | Reached skill level 3 in Short Blades
   661 | D:1      | Reached XP level 3. HP: 18/18 MP: 4/4
  1650 | D:3      | Gained mutation: Your natural rate of healing is unusually
                  | fast. [Vine Stalker growth]
  1650 | D:3      | Reached XP level 4. HP: 23/23 MP: 5/5
  1867 | D:3      | Noticed Jessica
  1874 | D:3      | Killed Jessica
  1875 | D:3      | Reached skill level 4 in Short Blades
  2039 | D:3      | Reached XP level 5. HP: 26/26 MP: 4/6
  2323 | D:4      | Reached skill level 5 in Short Blades
  2383 | D:4      | Reached XP level 6. HP: 25/30 MP: 7/7
  2569 | D:4      | Identified the +11 whip of Analysis {flame, *Corrode Fly
                  | Int+5}
  2815 | D:4      | Identified the +9 chain mail of Purpose {rC+ rCorr Stlth+}
  2830 | D:4      | Found a broken altar of Ashenzari.
  2913 | D:4      | Became a worshipper of Ashenzari the Shackled
  2932 | D:5      | Entered Level 5 of the Dungeon
  2941 | D:5      | Noticed Eustachio
  2945 | D:5      | Reached skill level 6 in Short Blades
  2953 | D:5      | Killed Eustachio
  2954 | D:5      | Reached XP level 7. HP: 34/34 MP: 8/8
  2957 | D:5      | Identified the +0 pair of boots "Yggesoz" {rPois Int+4}
  3068 | D:5      | Reached skill level 2 in Fighting
  3125 | D:5      | Reached skill level 3 in Fighting
  3181 | D:5      | Found a runed translucent door.
  3181 | D:5      | Noticed a human
  3187 | D:5      | Found a basalt altar of Yredelemnul.
  3273 | D:5      | Reached skill level 4 in Fighting
  3325 | D:5      | Found an ornate altar of the Wu Jian Council.
  3369 | D:5      | Gained mutation: You have razor-sharp teeth. [Vine Stalker
                  | growth]
  3369 | D:5      | Reached XP level 8. HP: 42/42 MP: 9/9
  3408 | D:5      | Reached skill level 5 in Fighting
  3529 | D:5      | Found a staircase to the Ecumenical Temple.
  3934 | D:6      | Identified the +6 long sword "Cuschud Peoch" {flame, Int-2
                  | Dex+8 SInv}
  3951 | D:6      | Reached skill level 6 in Fighting
  4063 | D:6      | Noticed Edmund
  4078 | D:6      | Killed Edmund
  4079 | D:6      | Reached skill level 7 in Short Blades
  4166 | D:6      | Found a shadowy altar of Dithmenos.
  4767 | D:7      | Reached * piety under Ashenzari
  4767 | D:7      | Identified a scroll of acquirement
  4826 | D:7      | You fall into a shaft and drop 3 floors!
  4826 | D:10     | Entered Level 10 of the Dungeon
  4896 | D:10     | Noticed a yak
  4896 | D:10     | Noticed a yak
  4948 | D:10     | Noticed a two-headed ogre
  4956 | D:10     | Killed a two-headed ogre
  4957 | D:10     | Reached skill level 7 in Fighting
  4957 | D:10     | Reached skill level 8 in Short Blades
  4957 | D:10     | Reached skill level 3 in Throwing
  4957 | D:10     | Reached XP level 9. HP: 28/51 MP: 6/10
  4963 | D:10     | Reached skill level 5 in Stealth
  5022 | D:10     | Reached skill level 6 in Stealth
  5135 | D:9      | Found a staircase to the Orcish Mines.
  5258 | D:9      | Reached skill level 7 in Stealth
  5447 | D:8      | Noticed Prince Ribbit
  5499 | D:8      | Reached ** piety under Ashenzari
  5619 | D:7      | Reached skill level 1 in Long Blades
  5730 | D:7      | Reached skill level 2 in Long Blades
  5793 | D:7      | Reached skill level 3 in Long Blades
  6047 | D:8      | Noticed Maurice
  6070 | D:8      | Killed Maurice
  6071 | D:8      | Reached skill level 8 in Fighting
  6071 | D:8      | Reached XP level 10. HP: 58/58 MP: 11/11
  6162 | D:8      | Found a snail-covered altar of Cheibriados.
  6507 | D:8      | Found a hide-covered altar of Uskayaw.
  6640 | D:8      | Killed Prince Ribbit
  6641 | D:8      | Reached skill level 4 in Long Blades
  6685 | D:8      | Found a stormy altar of Qazlal.
  6687 | D:8      | Noticed Pikel
  6699 | D:8      | Killed Pikel
  6700 | D:8      | Reached skill level 5 in Long Blades
  6700 | D:8      | Reached skill level 4 in Throwing
  7038 | D:9      | Found a staircase to the Lair.
  7077 | D:9      | Noticed a gargoyle
  7097 | D:9      | Killed a gargoyle
  7098 | D:9      | Reached skill level 5 in Throwing
  7098 | D:9      | Reached skill level 1 in Dodging
  7109 | D:9      | Reached skill level 2 in Dodging
  7182 | D:9      | Found Jepa's Armour Emporium.
  7298 | D:9      | Reached skill level 3 in Dodging
  7332 | D:9      | Found a shimmering blue altar of Sif Muna.
  7339 | D:9      | Identified Sif Muna's Precepts of the Mausoleum
  7359 | D:9      | Reached skill level 6 in Long Blades
  7508 | D:9      | Found a burning altar of Makhleb.
  7508 | D:9      | Found a glowing silver altar of Zin.
  7509 | D:9      | Noticed an angel
  7509 | D:9      | Noticed a cacodemon
  7753 | D:10     | Reached *** piety under Ashenzari
  8097 | D:10     | Reached XP level 11. HP: 64/64 MP: 12/12
  8112 | D:10     | Reached skill level 4 in Dodging
  8151 | D:10     | Found an iron altar of Okawaru.
  8232 | D:11     | Noticed a boulder beetle
  8238 | D:11     | Killed a boulder beetle
  8278 | D:11     | Acquired a +5 antimagic quick blade
  8352 | D:11     | Reached skill level 5 in Dodging
  8375 | D:11     | Reached **** piety under Ashenzari
  8624 | D:11     | Noticed a two-headed ogre
  8638 | D:11     | Killed a two-headed ogre
  8727 | D:11     | Reached skill level 6 in Dodging
  8788 | D:11     | Noticed a manticore
  8807 | D:11     | Killed a manticore
  9302 | Lair:1   | Entered Level 1 of the Lair of Beasts
  9365 | Lair:1   | Reached skill level 7 in Dodging
  9428 | Lair:1   | Noticed a lindwurm
  9444 | Lair:1   | Killed a lindwurm
  9515 | Lair:1   | Reached skill level 1 in Evocations
  9644 | Lair:1   | Reached skill level 2 in Evocations
  9698 | Lair:1   | Reached skill level 9 in Fighting
  9944 | Lair:2   | Found a staircase to the Snake Pit.
 10056 | Lair:2   | Reached XP level 12. HP: 39/70 MP: 4/13
 10081 | Lair:2   | Reached skill level 10 in Fighting
 10082 | Lair:2   | Found a dark tunnel.
 10103 | Volcano  | Entered a volcano
 10319 | Volcano  | Found a bloodstained altar of Trog.
 10350 | Volcano  | Reached skill level 11 in Fighting
 10372 | Volcano  | Noticed a fire dragon
 10468 | Volcano  | Killed a fire dragon
 10719 | Lair:2   | Reached skill level 8 in Stealth
 10719 | Lair:2   | Reached skill level 1 in Shields
 10905 | Lair:2   | Found a staircase to the Shoals.
 10907 | Lair:2   | Noticed Urug
 10951 | Lair:2   | Killed Urug
 10951 | Lair:2   | HP: 2/70 [wind drake/the air (11)]
 10952 | Lair:2   | Reached skill level 2 in Shields
 11183 | Lair:2   | Reached skill level 12 in Fighting
 11207 | Lair:2   | Reached skill level 9 in Stealth
 11209 | Lair:2   | Reached skill level 3 in Shields
 11672 | Lair:3   | Reached skill level 10 in Stealth
 11672 | Lair:3   | Reached skill level 4 in Shields
 11672 | Lair:3   | Reached XP level 13. HP: 32/78 MP: 2/14
 11867 | Lair:3   | Reached skill level 5 in Shields
 11906 | Lair:3   | Reached skill level 11 in Stealth
 11912 | Lair:3   | Reached ***** piety under Ashenzari
 12033 | Lair:3   | Reached skill level 6 in Shields
 12453 | Lair:3   | Reached skill level 7 in Shields
 13148 | Lair:4   | Reached skill level 12 in Stealth
 13717 | Lair:5   | Entered Level 5 of the Lair of Beasts
 13753 | Lair:5   | Reached skill level 13 in Stealth
 14000 | Lair:5   | Found a staircase to the Slime Pits.
 14000 | Lair:5   | Found a viscous altar of Jiyva.
 14090 | Lair:5   | Reached XP level 14. HP: 84/84 MP: 5/15
 14130 | Lair:5   | Reached skill level 14 in Stealth
 14331 | Lair:5   | Found a large runed translucent door.
 14331 | Lair:5   | Found a large runed translucent door.
 14499 | Lair:5   | Reached skill level 15 in Stealth
 15471 | Lair:5   | Reached skill level 13 in Fighting
 16049 | Orc:1    | Entered Level 1 of the Orcish Mines
 16094 | Orc:2    | Entered Level 2 of the Orcish Mines
 16099 | Orc:2    | Noticed an orc warlord
 16249 | D:9      | Killed an orc warlord
 16382 | Orc:2    | Found Qagex's Jewellery Emporium.
 16603 | Orc:2    | Found Etzel's Antique Weapon Emporium.
 16603 | Orc:2    | Noticed an orc warlord
 16627 | Orc:2    | Noticed Snorg
 16639 | Orc:2    | Slain by an orc knight

Vanquished Creatures
  An orc warlord (D:9)
  2 fire dragons
  2 hydras
  2 two-headed ogres
  A catoblepas (Lair:5)
  4 death yaks (Lair:3)
  A boulder beetle (D:11)
  Urug (Lair:2)
  An orc high priest (Orc:2)
  A skyshark (Lair:3)
  3 lindwurms
  Pikel (D:8)
  2 manticores
  An orc sorcerer (Orc:2)
  Maurice (D:8)
  10 elephants
  10 black mambas
  9 cane toads
  2 gargoyles
  5 molten gargoyles
  An unseen horror (D:11)
  14 komodo dragons
  6 rime drakes
  4 trolls
  3 polar bears
  A wind drake (Lair:2)
  Prince Ribbit (D:8)
  6 dream sheep (Lair:5)
  20 blink frogs
  7 fire bats (Volcano)
  35 yaks
  Eustachio (D:5)
  3 wyverns
  3 steam dragons
  5 basilisks
  2 vampire mosquitoes (D:11)
  8 hell hounds
  2 acid dragons
  Edmund (D:6)
  23 water moccasins
  8 black bears
  4 ice beasts
  14 orc warriors
  3 ogres
  16 wolves
  5 centaurs
  2 lemures (D:8)
  2 phantoms (D:5)
  7 bullfrogs
  2 gnoll sergeants
  A scorpion (D:4)
  4 wights (D:8)
  4 killer bees (D:10)
  7 howler monkeys
  13 lava snakes
  4 jellies (Lair:5)
  A human zombie (D:5)
  14 orc priests
  A sleepcap (D:5)
  8 hounds
  Jessica (D:3)
  15 orc wizards
  5 iguanas
  10 gnolls
  5 adders
  A shadow imp (D:5)
  2 worms
  2 dart slugs
  50 orcs
  6 ball pythons
  4 bats
  6 endoplasms
  3 giant cockroaches
  6 goblins
  A hobgoblin (D:4)
  8 quokkas
  5 frilled lizards
  5 kobolds
  2 rats
  A bush (D:6)
464 creatures vanquished.

Vanquished Creatures (others)
  A jelly (Lair:5)
  25 fungi
  14 plants
40 creatures vanquished.

Grand Total: 504 creatures vanquished

Table legend: (Time is in decaauts)
 A = Elapsed time spent in this place.
 B = Non-inter-level travel time spent in this place.
 C = Inter-level travel time spent in this place.
 D = Time resting spent in this place.
 E = Time spent auto-exploring this place.
 F = Levels seen in this place.
 G = Mean time per level.
                   A        B        C        D        E       F      G
               +--------+--------+--------+--------+--------+-----+--------+
         Total |  15498 |  14485 |   1013 |    396 |  10601 |  19 |  815.7 |
       Dungeon |   9346 |   8899 |    447 |    144 |   7020 |  11 |  849.6 |
          Lair |   5384 |   4828 |    556 |    140 |   3336 |   5 | 1076.8 |
  Orcish Mines |    369 |    360 |      9 |     29 |    129 |   2 |  184.5 |
       Volcano |    397 |    397 |      0 |     82 |    116 |   1 |  397.0 |
               +--------+--------+--------+--------+--------+-----+--------+

Top non-repeatable levels by time:
  Lair:5: 1699 daAuts
  Lair:3: 1196 daAuts
     D:8: 1123 daAuts
     D:9: 1121 daAuts
    D:11: 1001 daAuts
  Lair:2: 992 daAuts
     D:1: 955 daAuts
     D:5: 923 daAuts
     D:6: 900 daAuts
  Lair:4: 875 daAuts
    D:10: 803 daAuts
     D:2: 688 daAuts
     D:4: 659 daAuts
  Lair:1: 620 daAuts
     D:3: 607 daAuts

Table legend:
 A = Non-vault XP
 B = Vault XP
 C = Vault XP percentage of total XP
 D = Non-vault monster count
 E = Vault monster count
 F = Vault count percentage of total count
                 A         B        C        D         E       F
            +---------+---------+-------+---------+---------+-------
      Total |   55052 |   23743 |  30.1 |     360 |     102 |  22.1
            +---------+---------+-------+---------+---------+-------
        D:1 |      34 |       2 |   5.6 |      12 |       1 |   7.7
        D:2 |      45 |       0 |   0.0 |      14 |       0 |   0.0
        D:3 |      73 |      37 |  33.6 |      20 |       1 |   4.8
        D:4 |     168 |       0 |   0.0 |      19 |       0 |   0.0
        D:5 |     911 |     237 |  20.6 |      22 |       2 |   8.3
        D:6 |     371 |     265 |  41.7 |      14 |       2 |  12.5
        D:7 |     673 |       0 |   0.0 |       9 |       0 |   0.0
        D:8 |     894 |    1364 |  60.4 |      18 |       3 |  14.3
        D:9 |    3066 |     712 |  18.8 |      22 |       7 |  24.1
       D:10 |    2535 |      54 |   2.1 |      14 |       1 |   6.7
       D:11 |    3829 |       0 |   0.0 |       9 |       0 |   0.0
     Lair:1 |    2039 |     658 |  24.4 |      10 |       1 |   9.1
     Lair:2 |    6598 |    3505 |  34.7 |      25 |      15 |  37.5
     Lair:3 |   12561 |       0 |   0.0 |      39 |       0 |   0.0
     Lair:4 |    4438 |       0 |   0.0 |      21 |       0 |   0.0
     Lair:5 |   14827 |    9745 |  39.7 |      49 |      36 |  42.4
      Orc:1 |     403 |       0 |   0.0 |      10 |       0 |   0.0
      Orc:2 |    1587 |    2399 |  60.2 |      33 |      10 |  23.3
    Volcano |       0 |    4765 | 100.0 |       0 |      23 | 100.0
            +---------+---------+-------+---------+---------+-------
